 Dungeon Crawl Stone Soup version 0.19-a0-1851-g3228ea0 (webtiles) character file.

5 esc the Sneak (level 1, 0/9 HPs)
             Began as a Vine Stalker Enchanter on Oct 8, 2016.
             Slain by a hobgoblin (2 damage)
             ... on level 1 of the Dungeon on Oct 10, 2016.
             The game lasted 00:00:49 (222 turns).

esc the Sneak (Vine Stalker Enchanter)               Turns: 222, Time: 00:00:50

Health: 0/9        AC:  3    Str: 10    XL:     1   Next: 80%
Magic:  0/4        EV: 12    Int: 15    God:
Gold:   33         SH:  0    Dex: 14    Spells: 1 memorised, 3 levels left

rFire  . . .     SeeInvis .     a - +1 dagger
rCold  . . .     Gourm    .     b - +1 robe
rNeg   . . .     Faith    .     (no shield)
rPois  .         Spirit   +     (no helmet)
rElec  .         Dismiss  .     (no cloak)
rCorr  .         Reflect  .     (no gloves)
MR     .....     Harm     .     (no boots)
Stlth  ++........               (no amulet)
                                (no ring)
                                (no ring)

@: no status effects
A: fangs 2, magic shield, antimagic bite, no device heal 3, rot immunity
a: no special abilities


You were on level 1 of the Dungeon.
You were not hungry.

You visited 1 branch of the dungeon, and saw 1 of its levels.

You collected 33 gold pieces.

Inventory:

Hand Weapons
 a - a +1 dagger (weapon)
Armour
 b - a +1 robe (worn)
Scrolls
 e - a scroll of identify {unknown}
Books
 c - a book of Maledictions
Comestibles
 d - a bread ration {@e1}


   Skills:
 + Level 0.3 Fighting
 + Level 1.1 Short Blades
 + Level 1.6 Dodging
 + Level 3.7 Stealth
 + Level 2.1 Spellcasting
 + Level 3.0 Hexes


You had 3 spell levels left.
You knew the following spells:

 Your Spells              Type           Power        Failure   Level  Hunger
v - Corona                Hex            ##.....      8%          1    #......


Dungeon Overview and Level Annotations

Branches:
Dungeon (1/15)

Altars:


Innate Abilities, Weirdness & Mutations

You have extremely sharp teeth.
When hurt, damage is shared between your health and your magic reserves.
Your bite disrupts and absorbs the magic of your enemies.
Potions and wands cannot restore your health.
You are immune to rotting.


Message History

Welcome, esc the Vine Stalker Enchanter.
The bosom of this dungeon contains the fabled artefact, the Orb of Zot.
Found a staircase leading out of the dungeon.
You start waiting.
Done waiting.
Saving game... please wait.
Welcome back, esc the Vine Stalker Enchanter.
e - a scroll labeled JIUSTAU XEINT A dart slug comes into view.
A dart slug is nearby!
A hobgoblin comes into view. It is wielding a club.
A rat comes into view.
A bat comes into view.
You hit the dart slug. The dart slug barely misses you.
You hit the dart slug.
The dart slug bites you but does no damage.
You hit the dart slug.
You bite the dart slug, but do no damage.
You hit the dart slug.
You kill the dart slug!
Your Short Blades skill increases to level 1!
The bat closely misses you. The bat completely misses you.
You barely miss the bat. The bat barely misses you. The rat misses you.
You hit the rat. The bat hits you but does no damage.
The rat bites you but does no damage.
You barely miss the rat. Your bite misses the rat. The bat barely misses you.
The bat hits you but does no damage. The rat bites you but does no damage.
You closely miss the rat. The bat hits you but does no damage.
The bat closely misses you. The rat barely misses you.
The bat hits you but does no damage. The rat bites you.
You take 2 damage, and have 7/9 hp.
MASSIVE DAMAGE!!
The hobgoblin shouts!
The bat barely misses you. The rat closely misses you.
The bat barely misses you. The rat bites you but does no damage.
The bat barely misses you. The rat bites you.
You take 1 damage, and have 6/9 hp.
The bat hits you but does no damage. The bat misses you. x2
You hit the bat.
You kill the bat!
You barely miss the rat. The rat closely misses you.
You hit the rat.
You kill the rat!
You barely miss the hobgoblin. The hobgoblin hits you with a club.
You now have 3/4 mp.
You closely miss the hobgoblin. The hobgoblin closely misses you.
You hit the hobgoblin but do no damage.
You bite the hobgoblin, but do no damage.
The hobgoblin hits you but does no damage.
You closely miss the hobgoblin. The hobgoblin closely misses you.
You hit the hobgoblin. Your bite misses the hobgoblin.
You barely miss the hobgoblin. Your bite misses the hobgoblin.
The hobgoblin completely misses you.
You hit the hobgoblin but do no damage. You bite the hobgoblin.
You drain its power.
You feel invigorated. The hobgoblin closely misses you.
MP restored: 4 You hit the hobgoblin but do no damage.
The hobgoblin closely misses you.
You closely miss the hobgoblin. The hobgoblin closely misses you.
You hit the hobgoblin.
You kill the hobgoblin!
You swing at nothing.
You now have 6 gold pieces.
You see here a club.
You now have 18 gold pieces (gained 12).
You now have 33 gold pieces (gained 15).
A hobgoblin comes into view.
A hobgoblin is nearby!
The hobgoblin shouts!
You barely miss the hobgoblin. The hobgoblin hits you.
You take 2 damage, and have 5/9 hp.
MASSIVE DAMAGE!!
You hit the hobgoblin but do no damage. The hobgoblin barely misses you.
You barely miss the hobgoblin. The hobgoblin closely misses you.
You closely miss the hobgoblin. The hobgoblin hits you.
* * * LOW HITPOINT WARNING * * *
You take 3 damage, and have 2/9 hp.
MASSIVE DAMAGE!!
You now have 2/4 mp.
You barely miss the hobgoblin. The hobgoblin hits you.
You die...

#.......## #.# ##.......#
#.# ######..# #.# ######..#
#.# ##.......# #.##.#
#.......## #.##.# #..######
# #.##g# #..###### #.
#.##@# #.......##
.###.##.##.# # ##.......#
......#.##.##.# ######..#
#......#...# #######..##
#.##.##.######.........#
#.##.##.##........####..#.#
#.......####.#########..#..
####.....)..............###
......####.....##########


You could see a hobgoblin.

Vanquished Creatures
  A dart slug (D:1)
  A hobgoblin (D:1)
  A bat (D:1)
  A rat (D:1)
4 creatures vanquished.

Notes
Turn   | Place    | Note
-------+----------+-------------------------------------------
     0 | D:1      | esc the Vine Stalker Enchanter began the quest for the Orb.
     0 | D:1      | Reached XP level 1. HP: 9/9 MP: 4/4
   103 | D:1      | Upgraded the game from 0.19-a0-1834-g6b7851e to 0.19-a0-1851-g3228ea0
   168 | D:1      | Reached skill level 1 in Short Blades
   221 | D:1      | HP: 2/9 [hobgoblin (3)]
   222 | D:1      | Slain by a hobgoblin

Vault maps used:
D:1:      minmay_arrival_wavy_path

Skill      XL: |  1 |
---------------+----+-----
Short Blades   | 1 |  1.1
Fighting       | |  0.3
Dodging        | |  1.6
Stealth        | |  3.7
Spellcasting   | |  2.1
Hexes          | |  3.0

Action                   || total
-------------------------++-------
Melee: Dagger            ||    26
       Bite              ||     3
Armor: Robe              ||    10
Dodge: Dodged            ||    23

Vault maps used:
D:1:      minmay_arrival_wavy_path

Table legend:
 A = Turns spent in this place as a percentage of turns spent in the entire game.
 B = Non-inter-level travel turns spent in this place as a percentage of non-inter-level travel turns spent in the entire game.
 C = Inter-level travel turns spent in this place as a percentage of turns spent in this place.
 D = Turns resting spent in this place as a percentage of non-inter-level travel turns spent in this place.
 E = Turns spent auto-exploring this place as a percentage of non-inter-level travel turns spent in this place.
 F = Non-inter-level travel turns spent in this place divided by the number of levels of this place that you've seen.
                   A       B       C       D       E      F
               +-------+-------+-------+-------+-------+----------------------
         Total | 100.0 | 100.0 |   0.0 |   1.9 |   5.8 |  52.0
       Dungeon | 100.0 | 100.0 |   0.0 |   1.9 |   5.8 |  52.0
               +-------+-------+-------+-------+-------+----------------------

Table legend:
 A = Kills in this place as a percentage of kills in entire the game.
 B = Kills by you in this place as a percentage of kills by you in the entire game.
 C = Kills by friends in this place as a percentage of kills by friends in the entire game.
 D = Other kills in this place as a percentage of other kills in the entire game.
 E = Experience gained in this place as a percentage of experience gained in the entire game.
 F = Experience gained in this place divided by the number of levels of this place that you have seen.
                   A       B       C       D       E      F
               +-------+-------+-------+-------+-------+----------------------
         Total | 100.0 | 100.0 |  -nan |  -nan | 100.0 |   8.0
       Dungeon | 100.0 | 100.0 |  -nan |  -nan | 100.0 |   8.0
               +-------+-------+-------+-------+-------+----------------------
